 Dungeon Crawl Stone Soup version 0.19.4-9-g45fd643 (webtiles) character file.

405 vatarom the Firebug (level 6, -10/35 HPs)
             Began as a Tengu Fire Elementalist on Feb 17, 2017.
             Killed from afar by vatarom's ghost (16 damage)
             ... with a flame tongue
             ... on level 4 of the Dungeon.
             The game lasted 00:08:34 (4715 turns).

vatarom the Firebug (Tengu Fire Elementalist)       Turns: 4715, Time: 00:08:36

Health: -10/35     AC:  7    Str: 15    XL:     6   Next: 87%
Magic:  1/12       EV: 12    Int: 17    God:
Gold:   81         SH:  0    Dex: 14    Spells: 4 memorised, 2 levels left

rFire  . . .     SeeInvis .     g - +3 mace (drain)
rCold  . . .     Gourm    .     a - +0 robe
rNeg   . . .     Faith    .     (no shield)
rPois  .         Spirit   .     (helmet restricted)
rElec  .         Reflect  .     (no cloak)
rCorr  .         Harm     .     n - +2 pair of gloves
MR     .....     Rnd*Tele +     (boots unavailable)
Stlth  ++........               (no amulet)
                                r - ring of teleportation (curse)
                                h - +6 ring of strength

@: no status effects
A: beak, talons 3, iridescent scales 1, able to fly 1
a: Fly


You were on level 4 of the Dungeon.
You were not hungry.

You visited 1 branch of the dungeon, and saw 4 of its levels.

You collected 151 gold pieces.
You spent 70 gold pieces at shops.

Inventory:

Hand Weapons
 e - a +0 short sword
 g - a +3 mace of draining (weapon)
 m - a +1 whip of electrocution
Armour
 a - a +0 robe (worn)
 n - a +2 pair of gloves (worn)
Jewellery
 d - an uncursed ring of ice
 h - a +6 ring of strength (left hand)
 r - a cursed ring of teleportation (right hand)
Wands
 o - a wand of paralysis (11/24)
 q - a wand of disintegration (6/24)
 s - a wand of iceblast (7/15)
Scrolls
 c - a scroll of enchant weapon
 j - 2 scrolls of blinking
 k - 4 scrolls of identify
 p - 2 scrolls of amnesia
 u - a scroll of remove curse
Potions
 f - a potion of invisibility
Books
 b - a book of Flames

   Spells                             Type                      Level
   a - Flame Tongue                   Conjuration/Fire             1
   b - Throw Flame                    Conjuration/Fire             2
   c - Conjure Flame                  Conjuration/Fire             3
   d - Inner Flame                    Hexes/Fire                   3
   e - Sticky Flame                   Conjuration/Fire             4
   f - Fireball                       Conjuration/Fire             5
Comestibles
 i - 3 meat rations
 l - a slice of pizza
 t - a bread ration


   Skills:
 - Level 1.9 Fighting
 - Level 2.1 Dodging
 - Level 2.0 Stealth
 - Level 3.6 Spellcasting
 - Level 4.5 Conjurations
 + Level 5.7 Fire Magic


You had 2 spell levels left.
You knew the following spells:

 Your Spells              Type           Power        Failure   Level  Hunger
a - Flame Tongue          Conj/Fire      ###..        1%          1    None
b - Throw Flame           Conj/Fire      ###...       2%          2    ##.....
c - Conjure Flame         Conj/Fire      ###.....     8%          3    ###....
d - Sticky Flame          Conj/Fire      ###.....     21%         4    ####...


Dungeon Overview and Level Annotations

Branches:
Dungeon (4/15)
 Temple: D:4-7

Altars:
Fedhas
Sif Muna

Shops:
D:4 %

Annotations:
D:4 vatarom's ghost, amateur TeFE


Innate Abilities, Weirdness & Mutations

You have a beak for a mouth.
You have claws for feet.
You can fly.
You are partially covered in iridescent scales. (AC +2)


Message History

Confirm with . or Enter, or press ? or * to list all spells.
Aiming: Flame Tongue
Press: ? - help, Shift-Dir - straight line, f/p - vatarom's ghost
Aim: vatarom's ghost (severely damaged)
The flame tongue hits vatarom's ghost.
Vatarom's ghost is almost destroyed.
Vatarom's ghost gestures at you while chanting.
The flame tongue hits you!
You closely miss vatarom's ghost. Your kick misses vatarom's ghost.
Vatarom's ghost is almost destroyed.
Vatarom's ghost gestures at you while chanting.
The flame tongue hits you!
* * * LOW HITPOINT WARNING * * *
You hit vatarom's ghost but do no damage.
Your peck misses vatarom's ghost.
Vatarom's ghost is almost destroyed.
Vatarom's ghost barely misses you.
Vatarom's ghost gestures at you while chanting.
The flame tongue hits you!
You die...

#........#...........
##.##....#.##........
#.#
###............####.#<
#.#
.............$..####.#.
. ..#
####.###..[#...........
# #.#
#.................#. #
#.# #.......#.#########.
# #.# ######.###.###.#
#. # #.# #..?....@WS#
#.# #.
###.#####.####..#### #.#
#####. .......##.# #..#
#.# #..... ###.##.##.##
#>.# #.# #.##..
###.##.#.#.###..######.#
#..
....#...###...........
...##..
.......#.#.###########
........ ######.##...#
######.. #.####.# ###


You could see vatarom's ghost and an adder.

Vanquished Creatures
  Edmund (D:4)
  A hound (D:4)
  A centaur skeleton (D:4)
  2 iguanas (D:4)
  4 gnolls (D:2)
  5 adders
  3 worms (D:3)
  3 dart slugs
  3 leopard geckos
  3 orcs (D:3)
  5 giant cockroaches
  6 hobgoblins
  9 jackals
  A quokka (D:2)
  6 bats
  3 frilled lizards (D:1)
  8 goblins
  8 kobolds
  8 rats
80 creatures vanquished.

Notes
Turn   | Place    | Note
-------+----------+-------------------------------------------
     0 | D:1      | vatarom the Tengu Fire Elementalist began the quest for the Orb.
     0 | D:1      | Reached XP level 1. HP: 10/10 MP: 4/4
    53 | D:1      | Reached skill level 1 in Fighting
   460 | D:1      | Reached XP level 2. HP: 16/16 MP: 6/6
   569 | D:1      | Learned a level 2 spell: Throw Flame
   938 | D:1      | Gained mutation: You are partially covered in iridescent scales. (AC +2) [potion of beneficial mutation]
   954 | D:1      | Reached XP level 3. HP: 21/21 MP: 4/7
  1160 | D:1      | Learned a level 3 spell: Conjure Flame
  1824 | D:2      | Reached XP level 4. HP: 26/26 MP: 5/8
  2204 | D:2      | Found a deep blue altar of Sif Muna.
  2532 | D:2      | Reached skill level 4 in Fire Magic
  2631 | D:3      | Gained mutation: You can fly. [Tengu growth]
  2631 | D:3      | Reached XP level 5. HP: 30/30 MP: 9/9
  3323 | D:3      | Found a blossoming altar of Fedhas.
  3441 | D:4      | Found Leaxtausoh's Food Boutique.
  3441 | D:4      | Noticed vatarom's ghost (amateur TeFE)
  4112 | D:4      | Bought a bread ration for 70 gold pieces
  4217 | D:4      | Reached XP level 6. HP: 26/35 MP: 8/12
  4256 | D:4      | Learned a level 4 spell: Sticky Flame
  4267 | D:4      | Noticed Edmund
  4289 | D:4      | Killed Edmund
  4289 | D:4      | Reached skill level 5 in Fire Magic
  4715 | D:4      | Killed from afar by vatarom's ghost

Skill      XL: |  1  2  3  4  5  6 |
---------------+-------------------+-----
Fighting       | 1 |  1.9
Conjurations   | 2 3 4 |  4.5
Fire Magic     | 4 5 |  5.7
Spellcasting   | 3 |  3.6
Dodging        | |  2.1
Stealth        | |  2.0

Action                   |  1- 3 |  4- 6 || total
-------------------------+-------+-------++-------
Melee: Unarmed           |    20 |       ||    20
       Kick              |    13 |    17 ||    30
       Peck              |    12 |    10 ||    22
       Dagger            |     1 |       ||     1
       Short sword       |    51 |       ||    51
       Whip              |       |    10 ||    10
       Mace              |       |    55 ||    55
 Cast: Flame Tongue      |    42 |    35 ||    77
       Throw Flame       |     2 |     8 ||    10
       Sticky Flame      |       |     5 ||     5
Evoke: Wand              |       |     9 ||     9
  Use: Scroll            |     4 |     4 ||     8
       Potion            |     2 |     3 ||     5
 Stab: Sleeping          |     3 |     3 ||     6
       Distracted        |       |     1 ||     1
  Eat: Chunk             |     4 |     7 ||    11
       Bread ration      |       |     1 ||     1
Armor: Robe              |    30 |    30 ||    60
Dodge: Dodged            |    82 |    63 ||   145
